 Dungeon Crawl Stone Soup version 0.24.0-5-g267a8d59f4 (webtiles) character file.

Game seed: 6731986069699859125, levelgen mode: deterministic

142 wullow the Sneak (level 5, -1/49 HPs)
             Began as a Naga Wanderer on Nov 2, 2019.
             Was a Follower of Cheibriados.
             Slain by Grinder (6 damage)
             ... on level 4 of the Dungeon.
             The game lasted 00:09:41 (3129 turns).

wullow the Sneak (Naga Wanderer)                    Turns: 3129, Time: 00:09:42

Health: -1/49      AC:  8    Str: 22    XL:     5   Next: 25%
Magic:  5/5        EV:  9    Int: 21    God:    Cheibriados [*.....]
Gold:   185        SH:  0    Dex: 11    Spells: 4/4 levels left

rFire    . . .     SeeInvis +   a - +2 dagger
rCold    . . .     Gourm    .   (no shield)
rNeg     . . .     Faith    .   B - +3 leather armour
rPois    +         Spirit   .   x - +0 helmet
rElec    .         Reflect  .   (no cloak)
rCorr    .         Harm     .   y - +0 pair of gloves
MR       .....                  (no barding)
Stlth    +++.......             (no amulet)
HPRegen  0.16/turn              (no ring)
MPRegen  0.09/turn              (no ring)

@: mighty, brilliant, very slow
A: large, see invisible, deformed body, poison resistance, slowness 2, slow
metabolism 1, spit poison 1, AC +1
a: Spit Poison, Bend Time, Renounce Religion


You were on level 4 of the Dungeon.
You worshipped Cheibriados.
Cheibriados was aware of your devotion.
You were not hungry.

You visited 1 branch of the dungeon, and saw 4 of its levels.

You collected 185 gold pieces.

Inventory:

Hand Weapons
 a - a +2 dagger (weapon)
 d - a +0 falchion
 q - a +1 hunting sling
 u - a +0 hand axe
Missiles
 i - 64 stones (quivered)
 p - 40 arrows
 r - 13 sling bullets
 v - 29 bolts
Armour
 x - a +0 helmet (worn)
 y - a +0 pair of gloves (worn)
 B - a +3 leather armour (worn)
Jewellery
 w - an uncursed amulet of faith {unknown}
Scrolls
 g - 2 scrolls of blinking
 h - 4 scrolls of teleportation
 j - a scroll of random uselessness {unknown}
 l - a scroll of remove curse
 t - a scroll of immolation {unknown}
Potions
 b - a potion of berserk rage
 c - 4 potions of curing
 m - 4 potions of haste
 o - a potion of cancellation {unknown}
 s - a potion of heal wounds {unknown}
 z - a potion of might
 A - a potion of resistance {unknown}
Comestibles
 f - 7 rations


   Skills:
 - Level 3.0 Fighting
 - Level 2.9 Long Blades
 + Level 1.8 Armour
 - Level 1.0 Dodging
 + Level 7.2 Stealth
   Level 1.0 Evocations


You had 4 spell levels left.
You didn't know any spells.
Your spell library was empty.

Dungeon Overview and Level Annotations

Branches:
Dungeon (4/15)
 Temple: D:4-7

Altars:
Cheibriados

Annotations:
D:4 Grinder


Innate Abilities, Weirdness & Mutations

You cannot wear boots.
Your serpentine skin is tough. (AC +1)
You have supernaturally acute eyesight. (SInv)
Armour fits poorly on your strangely shaped body.
Your system is resistant to poisons. (rPois)
You cover ground very slowly.
You have a slow metabolism.
You can spit poison.


Message History

* * * LOW HITPOINT WARNING * * *
You writhe in agony.
* * * LOW HITPOINT WARNING * * *
You hit Grinder.
Grinder is heavily wounded.
Grinder barely misses you.
You closely miss Grinder.
Grinder is moderately wounded.
Grinder hits you.
* * * LOW HITPOINT WARNING * * *
You writhe in agony.
* * * LOW HITPOINT WARNING * * *
Okay, then.
It was a potion of brilliance.
You feel clever all of a sudden. Grinder barely misses you.
It was a potion of might.
You feel very mighty all of a sudden. Grinder hits you.
You die...

... ## +####.... .. +.
.....(.... .###.#.
......(.(.. .....#.
.......(..######.....##
.........(..#..........
......(.....5@..#####..
..........#.##.#...##.
.........)..##........#
.....!...[.#####......#
?....#....# ......#
.....#<...# ......# #
...........#####...)..##.#
#.
.........................
.#.
.....♣♣♣...♣♣♣.........
.#.


You could see Grinder.

Vanquished Creatures
  An orc wizard (D:4)
  A hound skeleton (D:4)
  3 adders
  3 dart slugs
  3 leopard geckos
  5 orcs
  5 bats
  3 giant cockroaches
  8 goblins
  6 hobgoblins
  4 jackals (D:3)
  6 kobolds
  2 quokkas
  A ball python (D:3)
  3 frilled lizards (D:1)
  8 rats
62 creatures vanquished.

Notes
Turn   | Place    | Note
-------+----------+-------------------------------------------
     0 | D:1      | wullow the Naga Wanderer began the quest for the Orb.
     0 | D:1      | wullow set off with the following items: a +2 dagger, a
                  | potion of berserk rage, a potion of curing, a +0 falchion,
                  | a +0 robe, a ration
     0 | D:1      | Reached XP level 1. HP: 19/19 MP: 1/1
   439 | D:1      | Reached XP level 2. HP: 6/26 MP: 2/2
  1174 | D:1      | Reached XP level 3. HP: 17/33 MP: 3/3
  1385 | D:2      | Reached skill level 6 in Stealth
  1667 | D:2      | Reached XP level 4. HP: 30/40 MP: 4/4
  2170 | D:3      | Reached skill level 1 in Armour
  2234 | D:3      | Found a snail-covered altar of Cheibriados.
  2249 | D:3      | Became a worshipper of Cheibriados the Contemplative
  2886 | D:4      | Noticed Grinder
  2889 | D:4      | Reached skill level 7 in Stealth
  2889 | D:4      | Reached XP level 5. HP: 45/49 MP: 5/5
  2903 | D:3      | Reached * piety under Cheibriados
  3114 | D:4      | Paralysed by Grinder for 4 turns
  3129 | D:4      | Slain by Grinder

Levels and vault maps discovered:
D:1:      lightli_arrival_lavapool, layout_loops_cross, minmay_heptomino_o4
D:2:      layout_basic
D:3:      layout_basic, kennysheep_slug_shrine, bh_walls_and_bars
D:4:      old_forge, layout_basic, grunt_temple_overflow_diamond,
          zin_scriptorium, first_ration, minmay_stone_trees_medium,
          hangedman_ru_absence, uniq_grinder

Skill      XL: |  1  2  3  4 |
---------------+-------------+-----
Stealth        | 6 7 |  7.2
Armour         | 1 |  1.8
Fighting       | 3 |  3.0
Long Blades    | |  2.9
Dodging        | |  1.0
Evocations     | |  1.0

Action                   |  1- 3 |  4- 6 || total
-------------------------+-------+-------++-------
Melee: Falchion          |   115 |       ||   115
       Dagger            |    12 |    76 ||    88
 Fire: Hunting sling     |       |    72 ||    72
Throw: Stone             |     1 |       ||     1
 Abil: Spit Poison       |     3 |       ||     3
  Use: Scroll            |       |     6 ||     6
       Potion            |       |     2 ||     2
 Stab: Sleeping          |     3 |       ||     3
  Eat: Chunk             |     2 |     4 ||     6
Armor: Scale mail        |    48 |    47 ||    95
       Robe              |     4 |       ||     4
       Leather armour    |       |    18 ||    18
Dodge: Dodged            |    64 |    47 ||   111
       Rpst.: Falchion   |    22 |       ||    22
